 Dungeon Crawl Stone Soup version 0.30-a0-322-g102857c98e (webtiles) character file.

Game seed: 2531604722150718469

131 lunkers the Cutter (level 5, -2/41 HPs)
             Began as a Meteoran Reaver on Oct 27, 2022.
             Slain by a water moccasin (4 damage)
             ... on level 4 of the Dungeon.
             The game lasted 00:05:15 (1586 turns).

lunkers the Cutter (Meteoran Reaver)                Turns: 1586, Time: 00:05:16

Health: -2/41      AC:  3    Str: 13    XL:     5   Next: 65%
Magic:  10/10      EV: 12    Int: 22    God:
Gold:   141        SH:  0    Dex: 13    Spells: 6/10 levels left

rFire   . . .      SeeInvis .    n - +2 hand axe (freeze)
rCold   . . .      Faith    .    (no shield)
rNeg    . . .      Spirit   .    b - +0 leather armour
rPois   .          Reflect  .    (no helmet)
rElec   .          Harm     .    (no cloak)
rCorr   .          Rampage  .    (no gloves)
Will    .....                    (no boots)
Stlth   +.........               (no amulet)
HPRegen 0.26/turn                g - +6 ring of intelligence
MPRegen 0.12/turn                (no ring)

@: lethally poisoned (-2 -> -7), glowing
A: sense surroundings 1, otherworldly, glowing, explore regen
a: no special abilities


You were on level 4 of the Dungeon.
You visited 1 branch of the dungeon, and saw 4 of its levels.

You collected 141 gold pieces.

Inventory:

Hand Weapons
 a - a +0 short sword
 n - a +2 hand axe of freezing (weapon)
Armour
 b - a +0 leather armour (worn)
 p - a +0 buckler
Jewellery
 g - a +6 ring of intelligence (left hand)
Wands
 l - a wand of flame (5)
Scrolls
 f - a scroll of teleportation
Potions
 c - 2 potions of magic
 d - a potion of mutation {unknown}
 h - a potion of degeneration {unknown}
 i - a potion of flight {unknown}
 j - 2 potions of attraction
 m - a potion of cancellation {unknown}


   Skills:
 - Level 2.1 Fighting
 - Level 4.4 Short Blades
 - Level 2.4 Dodging
 + Level 3.1 Spellcasting
 - Level 3.6 Conjurations
 * Level 2.8 Air Magic
 + Level 2.9 Poison Magic


You had 6 spell levels left.
You knew the following spells:

 Your Spells              Type           Power      Damage    Failure   Level
a - Poisonous Vapours     Pois/Air       32%        N/A       8%          2
b - Sting                 Tmut/Pois      36%        1d4       9%          1
p - Kiss of Death         Conj/Necr      44%        2d8       8%          1

Your spell library contained the following spells:

 Spells                   Type           Power      Damage    Failure   Level
 Magic Dart               Conj           76%        1d6       3%          1
 Static Discharge         Conj/Air       34%        2-4/arc   6%          2
 Momentum Strike          Conj/Tloc      22%        3d8       11%         2
 Mephitic Cloud           Conj/Pois/Air  17%        N/A       13%         3
 Hailstorm                Conj/Ice       11%        3d5       22%         3
 Call Imp                 Summ           3%         N/A       24%         2
 Vhi's Electric Charge    Tloc/Air       18%        N/A       26%         3
 Olgreb's Toxic Radiance  Pois           16%        N/A       43%         4
 Arcjolt                  Conj/Air       8%         1d18      75%         5
 Lightning Bolt           Conj/Air       8%         1d21      75%         5


Dungeon Overview and Level Annotations

Branches:
Dungeon (4/15) Zot: 836
 Temple: D:4-7

Altars:
Makhleb

Shops:
D:3 *


Innate Abilities, Weirdness & Mutations

You passively map a small area around you.
You are easily found by Zot.
You glow in the dark.
You regain HP and MP as you explore.


Message History

You freeze the water moccasin.
The water moccasin is moderately wounded.
The water moccasin bites you.
You hit the water moccasin.
The water moccasin seems to slow down.
You freeze the water moccasin.
The water moccasin is severely wounded.
The water moccasin bites you!
The water moccasin bites you but does no damage.
You closely miss the water moccasin.
The water moccasin is severely wounded.
The water moccasin bites you but does no damage.
You closely miss the water moccasin.
The water moccasin is severely wounded.
The water moccasin barely misses you.
You closely miss the water moccasin.
The water moccasin is severely wounded.
The water moccasin is no longer moving slowly.
The water moccasin barely misses you.
You miss the water moccasin.
The water moccasin is severely wounded.
The water moccasin bites you. x2
You are poisoned.
The water moccasin poisons you!
A hobgoblin comes into view.
You closely miss the water moccasin.
The water moccasin is severely wounded.
You feel very sick.
The hobgoblin shouts!
The water moccasin bites you.
* * * LOW HITPOINT WARNING * * *
The water moccasin bites you.
* * * LOW HITPOINT WARNING * * *
Okay, then.
You slash the water moccasin! You freeze the water moccasin.
The water moccasin is almost dead.
You feel very sick. The water moccasin bites you!
* * * LOW HITPOINT WARNING * * *
The water moccasin bites you.
You die... ##.. #........##.##....##### *#.#* #........##.####### *,.. ##.......##.# gS.

#.......##.# #########
...
##.....###.#####........
##...####.##...........
, ##.####...............
, #####....[...........
,, #..S@..####..........
......###..# ##...†.....
#.... #..# ##........
.... #..## ###....>. ,
...,,,* ##..# ###.... *
.. , #..# ##... * . *
##.## #... , #..# ##.. ,
, ##.## #..


You could see a water moccasin.

Vanquished Creatures
  A scorpion (D:4)
  An adder (D:4)
  2 worms (D:2)
  2 dart slugs
  An orc (D:3)
  4 endoplasms
  2 giant cockroaches (D:2)
  5 goblins
  4 hobgoblins
  4 jackals
  5 kobolds
  A quokka (D:3)
  5 ball pythons
  5 bats
  2 frilled lizards (D:2)
  3 rats
47 creatures vanquished.

Vanquished Creatures (others)
  A fungus (D:2)
  A plant (D:2)
2 creatures vanquished.

Grand Total: 49 creatures vanquished

Notes
Turn   | Place    | Note
-------+----------+-------------------------------------------
     0 | D:1      | lunkers the Meteoran Reaver began the quest for the Orb.
     0 | D:1      | Reached XP level 1. HP: 17/17 MP: 5/5
   137 | D:1      | Reached XP level 2. HP: 24/24 MP: 6/6
   162 | D:1      | Reached skill level 4 in Short Blades
   507 | D:2      | Reached XP level 3. HP: 22/29 MP: 8/8
   553 | D:2      | Learned a level 1 spell: Sting
   611 | D:2      | Reached skill level 1 in Poison Magic
   642 | D:2      | Learned a level 2 spell: Poisonous Vapours
   651 | D:2      | Found a faded altar of an unknown god.
   803 | D:3      | Found Feudanynt's General Store.
   845 | D:3      | Reached XP level 4. HP: 28/36 MP: 1/9
  1187 | D:3      | Found a burning altar of Makhleb.
  1269 | D:4      | Reached skill level 1 in Air Magic
  1481 | D:4      | Noticed a scorpion
  1486 | D:4      | Killed a scorpion
  1487 | D:4      | Reached XP level 5. HP: 41/41 MP: 3/10
  1571 | D:4      | Noticed a water moccasin
  1586 | D:4      | HP: 2/41 [water moccasin (7)]
  1586 | D:4      | Slain by a water moccasin

Illustrated notes

Levels and vault maps discovered:
D:1:      dpeg_arrival_long_road, layout_loops_cross, minmay_split_cup_large
D:2:      layout_rooms, shapermc_ecumenical_altar_mp_urbaneastern
D:3:      layout_loops_cross, marbit_many_paths,
          nicolae_gozag_cash_rules_everything_around_me, serial_shops,
          nicolae_shop_crystal
D:4:      layout_cave_pods, gammafunk_temple_overflow_elements, temple_pool_b

Skill      XL: |  1  2  3  4 |
---------------+-------------+-----
Short Blades   | 4 |  4.4
Poison Magic   | 1 2 |  2.9
Air Magic      | 2 |  2.8
Spellcasting   | 3 |  3.1
Fighting       | |  2.1
Dodging        | |  2.4
Conjurations   | |  3.6

Action                   |  1- 3 |  4- 6 || total
-------------------------+-------+-------++-------
Melee: Short sword       |   102 |    24 ||   126
       Punch             |     1 |       ||     1
       Hand axe          |       |    12 ||    12
 Cast: Sting             |    19 |     7 ||    26
       Poisonous Vapours |     7 |    26 ||    33
Evoke: Wand              |       |     2 ||     2
  Use: Scroll            |       |     7 ||     7
Armor: Leather armour    |    33 |    23 ||    56
Dodge: Dodged            |    65 |    32 ||    97

Table legend: (Time is in decaauts)
 A = Elapsed time spent in this place.
 B = Non-inter-level travel time spent in this place.
 C = Inter-level travel time spent in this place.
 D = Time resting spent in this place.
 E = Time spent auto-exploring this place.
 F = Levels seen in this place.
 G = Mean time per level.
                   A        B        C        D        E       F      G
               +--------+--------+--------+--------+--------+-----+--------+
         Total |   1562 |   1504 |     58 |      0 |    976 |   4 |  390.5 |
       Dungeon |   1562 |   1504 |     58 |      0 |    976 |   4 |  390.5 |
               +--------+--------+--------+--------+--------+-----+--------+

Top non-repeatable levels by time:
     D:1: 458 daAuts
     D:3: 450 daAuts
     D:4: 331 daAuts
     D:2: 322 daAuts
